 Dungeon Crawl Stone Soup version 0.30.1-9-gdf580d7c3d (webtiles) character file.

Game seed: 15504806635547750162

11 monsoonserge the Grasshopper (level 2, 0/22 HPs)
             Began as a Demonspawn Warper on Oct 16, 2023.
             Killed from afar by a dart slug (5 damage)
             ... with a slug dart
             ... on level 1 of the Dungeon.
             The game lasted 00:00:48 (280 turns).

monsoonserge the Grasshopper (Demonspawn Warper)     Turns: 280, Time: 00:00:49

Health: 0/22       AC:  3    Str: 11    XL:     2   Next: 13%
Magic:  5/5        EV: 11    Int: 14    God:
Gold:   24         SH:  0    Dex: 12    Spells: 5/5 levels left

rFire   . . .        a - +0 falchion
rCold   . . .        (no shield)
rNeg    . . .        b - +0 leather armour
rPois   .            (no helmet)
rElec   .            (no cloak)
rCorr   .            (no gloves)
SInv    .            (no boots)
Will    .....        (no amulet)
Stlth   +            (no ring)
HPRegen 0.23/turn    (no ring)
MPRegen 0.09/turn

%: no passive effects
@: no status effects
A: ignite blood 1
a: no special abilities


You were on level 1 of the Dungeon.
You visited 1 branch of the dungeon, and saw 1 of its levels.

You collected 24 gold pieces.

Inventory:

Hand Weapons
 a - a +0 falchion (weapon)
 f - a +0 dagger
Missiles
 d - 7 boomerangs of dispersal (quivered)
Armour
 b - a +0 leather armour (worn)
Scrolls
 c - a scroll of blinking
Potions
 e - a potion of flight {unknown}


   Skills:
 + Level 2.2 Fighting
 + Level 2.0 Long Blades
 + Level 0.8 Throwing
 * Level 1.0 Armour
 + Level 1.9 Dodging
 - Level 2.0 Spellcasting
 + Level 2.9 Translocations


You had 5 spell levels left.
You didn't know any spells.
Your spell library contained the following spells:

 Spells                   Type           Power      Damage    Failure   Level
 Blink                    Tloc           18%        N/A       14%         2
 Lesser Beckoning         Tloc           18%        N/A       14%         2
 Teleport Other           Tloc           9%         N/A       28%         3
 Vhi's Electric Charge    Tloc/Air       10%        N/A       45%         3
 Manifold Assault         Tloc           9%         N/A       67%         4


Dungeon Overview and Level Annotations

Branches:
Dungeon (1/15)

Altars:


Innate Abilities, Weirdness & Mutations

Your demonic aura sometimes causes spilled blood to erupt in flames.


Message History

The ball python completely misses you. The dart slug barely misses you.
You closely miss the ball python. The ball python barely misses you.
The ball python grabs you. The ball python constricts you.
The ball python bites you but does no damage.
The ball python constricts you. The dart slug bites you.
You barely miss the ball python. The ball python barely misses you.
The ball python constricts you.
You hit the ball python but do no damage.
The ball python bites you but does no damage.
The ball python constricts you. The dart slug closely misses you.
The ball python bites you. The ball python constricts you.
You hit the ball python.
The ball python is moderately wounded.
The dart slug bites you. The ball python bites you.
The ball python constricts you.
You barely miss the ball python.
The ball python is moderately wounded.
The ball python bites you but does no damage.
The ball python constricts you. The dart slug launches a dart at you.
The slug dart hits you but does no damage.
The ball python barely misses you. The ball python constricts you.
You hit the ball python.
The ball python is severely wounded.
The ball python barely misses you. The ball python constricts you.
The dart slug bites you but does no damage.
Unknown command.
You slash the ball python!
You kill the ball python!
The dart slug launches a dart at you. The slug dart hits you.
* * * LOW HITPOINT WARNING * * *
Unknown command.
You hit the dart slug.
The dart slug is lightly wounded.
You hit the dart slug.
The dart slug is moderately wounded.
The dart slug launches a dart at you. The slug dart hits you.
You die...

##### ....##########
.##.#........###########
.##.....................
.##.#...........@w......
.##.#.........##########
.##.#.........#
....#.........#
#####.........#
#########.# ### #.# ....
... ####


You could see a dart slug.

Vanquished Creatures
  3 ball pythons (D:1)
  2 endoplasms (D:1)
  A giant cockroach (D:1)
  A hobgoblin (D:1)
  A kobold (D:1)
  A rat (D:1)
9 creatures vanquished.

Notes
Turn   | Place    | Note
-------+----------+-------------------------------------------
     0 | D:1      | monsoonserge the Demonspawn Warper began the quest for the
                  | Orb.
     0 | D:1      | Reached XP level 1. HP: 16/16 MP: 3/3
   195 | D:1      | Gained mutation: Your demonic aura sometimes causes spilled
                  | blood to erupt in flames. [demonic ancestry]
   195 | D:1      | Reached XP level 2. HP: 11/22 MP: 5/5
   259 | D:1      | Reached skill level 1 in Armour
   280 | D:1      | Killed from afar by a dart slug

Illustrated notes

Levels and vault maps discovered:
D:1:      minmay_arrival_plants_in_alcoves, layout_basic

Skill      XL: |  1  2 |
---------------+-------+-----
Long Blades    | 2 |  2.0
Armour         | 1 |  1.0
Fighting       | |  2.2
Throwing       | |  0.8
Dodging        | |  1.9
Spellcasting   | |  2.0
Translocations | |  2.9

Action                     || total
---------------------------++-------
  Melee: Falchion          ||    41
 Armour: Leather armour    ||    17
  Dodge: Dodged            ||    26
